 Dungeon Crawl Stone Soup version 0.30-a0-458-g86641cc369 (webtiles) character file.

Game seed: 17937621290254759700

11926 Strat the Severer (level 12, 0/103 (106) HPs)
             Began as a Meteoran Fighter on Dec 14, 2022.
             Was an Elder of Nemelex Xobeh.
             Slain by a troll (6 damage)
             ... on level 11 of the Dungeon.
             The game lasted 00:34:01 (6098 turns).

Strat the Severer (Meteoran Fighter)                Turns: 6098, Time: 00:34:02

HP:   0/103 (106)   AC: 22    Str: 29    XL:     12   Next: 42%
MP:   18/18         EV: 10    Int: 10    God:    Nemelex Xobeh [****..]
Gold: 631           SH: 10    Dex: 14    Spells: 11/11 levels left

rFire   + . .      SeeInvis .    a - +1 war axe (protect)
rCold   . . .      Faith    .    c - +0 buckler
rNeg    . . .      Spirit   .    B - +0 swamp dragon scales
rPois   +          Reflect  +    t - +0 helmet
rElec   .          Harm     .    H - +0 cloak
rCorr   .          Rampage  .    s - +0 pair of gloves
Will    +....                    j - +0 pair of boots
Stlth   +.........               l - amulet of reflection
HPRegen 0.37/turn                w - ring of protection from fire
MPRegen 0.16/turn                b - +6 ring of strength

@: mighty, under a protective aura, glowing, lightly drained
A: sense surroundings 2, otherworldly, glowing, explore regen
a: Renounce Religion, Draw Escape, Draw Destruction, Draw Summoning, Triple
Draw, Deal Four


You were on level 11 of the Dungeon.
You worshipped Nemelex Xobeh.
Nemelex Xobeh was greatly pleased with you.
You visited 1 branch of the dungeon, and saw 11 of its levels.
You also visited: Ossuary.

You collected 631 gold pieces.

Inventory:

Hand Weapons
 a - a +1 war axe of protection (weapon)
 i - a +2 morningstar of draining
 I - a +0 hand axe of flaming
Missiles
 m - 35 poisoned darts (quivered)
 F - a throwing net
Armour
 c - a +0 buckler (worn)
 f - +0 fire dragon scales
 j - a +0 pair of boots (worn)
 s - a +0 pair of gloves (worn)
 t - a +0 helmet (worn)
 v - a +0 chain mail
 B - +0 swamp dragon scales (worn)
 H - a +0 cloak (worn)
Jewellery
 b - a +6 ring of strength (right hand)
 l - an amulet of reflection (around neck)
 w - a ring of protection from fire (left hand)
 x - a ring of see invisible
Wands
 y - a wand of flame (26)
 E - a wand of iceblast (3)
 K - a wand of paralysis (7)
Scrolls
 n - a scroll of teleportation
 J - a scroll of fog
Potions
 d - 5 potions of cancellation
 e - 2 potions of degeneration
 k - a potion of invisibility
 o - 3 potions of magic
 p - 2 potions of lignification
 q - 4 potions of brilliance
 r - 3 potions of ambrosia
 u - 2 potions of flight
 z - a potion of attraction
 A - a potion of berserk rage
 C - a potion of haste {unknown}


   Skills:
 - Level 10.0 Fighting
 + Level 15.5 Axes
 - Level 10.0 Armour
 - Level 5.0 Shields
 + Level 7.5 Invocations


You had 11 spell levels left.
You didn't know any spells.
Your spell library contained the following spells:

 Spells                   Type           Power      Damage    Failure   Level
 Necrotise                Necr           0%         1d4       54%         1
 Shock                    Conj/Air       0%         1d3       54%         1
 Sting                    Tmut/Pois      0%         1d3       54%         1
 Swiftness                Air            0%         N/A       89%         3
 Vampiric Draining        Necr           0%         2d6       89%         3
 Airstrike                Air            0%         2d(0-16)  100%        4
 Olgreb's Toxic Radiance  Pois           0%         N/A       100%        4
 Petrify                  Tmut/Erth      0%         N/A       100%        4
 Agony                    Necr           0%         N/A       100%        5
 Metabolic Englaciation   Hex/Ice        0%         N/A       100%        5
 Death Channel            Necr           0%         N/A       100%        6
 Statue Form              Tmut/Erth      0%         N/A       100%        6


Dungeon Overview and Level Annotations

Branches:
Dungeon (11/15) Zot: 661   Temple (0/1) D:7            Lair (0/5) D:11
    Orc (0/2) D:9         Ossuary (visited)

Altars:
Ashenzari
Cheibriados
Nemelex Xobeh
Okawaru
Trog
Vehumet

Shops:
D:7 *   D:11 *

Annotations:
D:10 1 runed translucent door
D:11 Josephine


Innate Abilities, Weirdness & Mutations

You passively map the area around you.
You are easily found by Zot.
You glow in the dark.
You regain HP and MP as you explore.


Message History

The golden eye blinks at you.
You easily resist.
You block the orc knight's attack. The golden eye blinks at you.
You are confused.
The orc knight hits you with a +0 bardiche!!
* * * LOW HITPOINT WARNING * * *
The polar bear growls angrily.
Your surroundings suddenly seem different.
The troll shouts!
You hear an angry growl.
The troll bites you!
* * * LOW HITPOINT WARNING * * *
The troll claws you but does no damage. x2
The troll attacks as you move away! The troll bites you but does no damage.
The troll claws you.
* * * LOW HITPOINT WARNING * * *
The troll closely misses you. The troll barely misses you. x3
You feel very mighty all of a sudden. The troll bites you!
* * * LOW HITPOINT WARNING * * *
The troll claws you but does no damage. x2
You closely miss the troll. The troll attacks as you move away!
The troll barely misses you. The troll closely misses you.
The troll completely misses you.
You slash the troll!
Your weapon exudes an aura of protection.
The troll is moderately wounded.
The troll closely misses you. The troll completely misses you.
The troll claws you but does no damage.
The polar bear goes berserk!
You feel less confused. You block the troll's attack. The troll claws you!
* * * LOW HITPOINT WARNING * * *
The troll barely misses you.
You hear a shout!
The polar bear bites you.
* * * LOW HITPOINT WARNING * * *
You block the polar bear's attack. The polar bear misses you.
The troll closely misses you. The troll claws you.
You die...
Your body glows slightly brighter and disappears.

######### ###
#.......#....
#.......#...., ,
#.......'.. , ,
#.......# , ,, ,,
#.......# , ,
#....@.$# , , , , ,
#....hT.# , ,
#....#### ** *
#.<..## *, , ,
#.$...# ,, ,
#.....# ,, ,.#,
#.....+ ..# ,
#.@..## #### #..#,,
#....####..###..###
,


You could see Josephine, a polar bear (berserk) and a troll.

Vanquished Creatures
  Maurice (D:8)
  Joseph (D:8)
  2 trolls (D:10)
  2 hornets
  Sigmund (D:6)
  A wyvern (D:8)
  10 yaks
  2 shadows
  2 steam dragons
  2 wraiths (D:10)
  Grum (D:8)
  A water moccasin (D:7)
  2 ice beasts
  5 orc warriors
  A sky beast (D:7)
  A black bear (D:7)
  9 centaurs
  3 wolves (D:8)
  A phantom (D:5)
  3 kobold brigands
  3 bullfrogs
  2 gnoll sergeants
  4 water moccasin zombies (Ossuary)
  4 scorpions
  3 wights (D:8)
  6 killer bees
  3 howler monkeys
  3 vampire bats (D:4)
  3 hounds
  A jelly (D:8)
  5 orc priests (D:9)
  A gnoll bouda (D:4)
  5 iguanas
  8 orc wizards
  4 mummies
  Robin (D:2)
  15 gnolls
  3 adders
  2 shadow imps
  2 ufetubi
  9 adder zombies (Ossuary)
  4 worms (D:2)
  2 dart slugs (D:1)
  71 orcs
  8 ball pythons
  14 bats
  6 endoplasms
  6 giant cockroaches
  2 gnoll zombies (Ossuary)
  8 hobgoblins
  2 jackals
  17 kobolds
  3 quokkas
  6 frilled lizards
  10 goblins
  6 hobgoblin zombies (Ossuary)
  6 kobold zombies
  5 orc zombies
  3 rats
317 creatures vanquished.

Vanquished Creatures (collateral kills)
  A two-headed ogre (D:8)
  Amaemon (D:10)
  An orange demon (D:10)
  Psyche (D:11)
  A rime drake (D:11)
  A polar bear (D:11)
  A yak (D:11)
  2 ice beasts (D:11)
  A wolf (D:11)
  3 centaurs (D:11)
  A wight (D:8)
  4 killer bees (D:11)
  An orc priest (D:8)
  2 orcs (D:8)
21 creatures vanquished.

Vanquished Creatures (others)
  A sky beast (D:8)
  An orc (D:7)
  A plant (D:6)
3 creatures vanquished.

Grand Total: 341 creatures vanquished

Notes
Turn   | Place    | Note
-------+----------+-------------------------------------------
     0 | D:1      | Strat the Meteoran Fighter began the quest for the Orb.
     0 | D:1      | Reached XP level 1. HP: 19/19 MP: 2/2
    78 | D:1      | Reached skill level 3 in Axes
    78 | D:1      | Reached XP level 2. HP: 15/26 MP: 3/3
   193 | D:1      | Reached XP level 3. HP: 30/31 MP: 4/4
   292 | D:1      | Reached skill level 4 in Axes
   460 | D:2      | Reached XP level 4. HP: 26/38 MP: 5/5
   584 | D:2      | Reached skill level 5 in Axes
   771 | D:2      | Noticed Robin
   784 | D:2      | Killed Robin
   876 | D:3      | Found a sparkling altar of Nemelex Xobeh.
   885 | D:3      | Became a worshipper of Nemelex Xobeh the Trickster
   905 | D:3      | Reached XP level 5. HP: 45/45 MP: 6/6
  1272 | D:4      | Reached skill level 6 in Axes
  1564 | D:4      | Reached XP level 6. HP: 51/51 MP: 7/7
  1570 | D:4      | Found a bloodstained altar of Trog.
  1612 | D:4      | Reached skill level 7 in Axes
  1690 | D:4      | Reached skill level 8 in Axes
  1690 | D:4      | Reached XP level 7. HP: 33/57 MP: 8/8
  1754 | D:4      | Reached * piety under Nemelex Xobeh
  1866 | D:5      | Entered Level 5 of the Dungeon
  2078 | D:5      | Reached XP level 8. HP: 64/67 MP: 9/9
  2083 | D:5      | Reached skill level 5 in Armour
  2211 | D:6      | Noticed Sigmund
  2323 | D:6      | Received a gift from Nemelex Xobeh
  2333 | D:6      | Reached skill level 9 in Axes
  2357 | D:6      | Found a sand-covered staircase.
  2365 | Ossuary  | Entered an ossuary
  2387 | Ossuary  | Reached skill level 5 in Fighting
  2595 | D:6      | Reached ** piety under Nemelex Xobeh
  2663 | D:6      | Gained mutation: You passively map the area around you.
                  | [Meteoran growth]
  2663 | D:6      | Reached XP level 9. HP: 74/75 MP: 10/10
  2919 | D:6      | Killed Sigmund
  2920 | D:6      | Reached skill level 10 in Axes
  3076 | D:6      | Received a gift from Nemelex Xobeh
  3174 | D:7      | Found a radiant altar of Vehumet.
  3359 | D:7      | Received a gift from Nemelex Xobeh
  3412 | D:7      | Reached XP level 10. HP: 48/86 MP: 11/11
  3457 | D:7      | Found a staircase to the Ecumenical Temple.
  3536 | D:7      | Reached *** piety under Nemelex Xobeh
  3577 | D:7      | Found a snail-covered altar of Cheibriados.
  3618 | D:7      | Found Nafref's Elemental Accessories.
  3722 | D:7      | Reached skill level 11 in Axes
  3826 | D:8      | Noticed Maggie
  3840 | D:8      | Noticed a hellwing
  3860 | D:8      | Maggie changed into Maggie the iguana
  3860 | D:8      | Noticed Maggie
  3860 | D:8      | a hellwing changed into a chaos spawn
  3869 | D:8      | Killed Maggie the iguana
  3979 | D:8      | Noticed Joseph
  4010 | D:8      | Killed Joseph
  4078 | D:8      | Reached skill level 12 in Axes
  4099 | D:8      | Noticed Grum
  4120 | D:8      | Reached skill level 10 in Armour
  4160 | D:8      | Received a gift from Nemelex Xobeh
  4179 | D:8      | Noticed Maurice
  4191 | D:8      | Reached XP level 11. HP: 70/97 MP: 12/12
  4199 | D:8      | Noticed a two-headed ogre
  4206 | D:8      | Killed a two-headed ogre
  4356 | D:8      | Killed Maurice
  4357 | D:8      | Reached skill level 10 in Fighting
  4357 | D:8      | Reached skill level 13 in Axes
  4398 | D:8      | Killed Grum
  4628 | D:9      | Reached skill level 14 in Axes
  4760 | D:9      | Reached skill level 1 in Invocations
  4839 | D:9      | Found a staircase to the Orcish Mines.
  4913 | D:10     | Entered Level 10 of the Dungeon
  4913 | D:10     | Received a gift from Nemelex Xobeh
  5015 | D:10     | Reached **** piety under Nemelex Xobeh
  5053 | D:10     | Reached skill level 5 in Shields
  5122 | D:10     | Found a broken altar of Ashenzari.
  5192 | D:10     | Found an iron altar of Okawaru.
  5228 | D:10     | Found a runed translucent door.
  5229 | D:10     | Noticed a fire crab
  5271 | D:10     | Noticed Amaemon
  5294 | D:10     | Killed Amaemon
  5401 | D:10     | Reached XP level 12. HP: 97/106 MP: 16/16
  5405 | D:10     | Reached skill level 5 in Invocations
  5539 | D:11     | Noticed a tengu warrior
  5541 | D:11     | Noticed an orc knight
  5591 | D:11     | Noticed Josephine
  5647 | D:11     | Noticed a boulder beetle
  5985 | D:11     | Received a gift from Nemelex Xobeh
  5994 | D:11     | Noticed Psyche
  6005 | D:11     | Killed Psyche
  6006 | D:11     | Reached skill level 15 in Axes
  6023 | D:11     | Found a staircase to the Lair.
  6053 | D:11     | Found Pocua's General Store.
  6054 | D:11     | Got Sif Muna's Catalogue of Morbid Filth
  6075 | D:11     | a tengu warrior changed into a golden eye
  6098 | D:11     | Slain by a troll

Illustrated notes

Levels and vault maps discovered:
D:1:      wheals_arrival_shading, layout_loops_ring
D:2:      layout_loops_ring, minmay_worlds_worst_comb, uniq_robin
D:3:      layout_loops_ring, lemuel_round_altar
D:4:      layout_loops_corners, lemuel_round_altar, roderic_batcave,
          kennysheep_generic_room_15
D:5:      layout_rooms
D:6:      black_bear_nest_2, layout_layer_cave, nicolae_overflow_two_pavilions,
          nicolae_ossuary_entry_giza, serial_bayou_pond_d, grunt_ministairs_3,
          uniq_crazy_yiuf_cottage, uniq_sigmund
D:7:      layout_basic, slow_altar_2, fiery_altar_vehumet,
          minmay_temple_entry_hall, nicolae_elemental_shop
D:8:      layout_rooms, special_room [special_room_orc], uniq_maurice,
          uniq_maggie, uniq_joseph, uniq_grum
D:9:      layout_rooms, hiddenorc2_lemuel
D:10:     gammafunk_mikee_crab_dinner, layout_basic,
          mainiacjoe_overflow_surrounded_room, cheibrodos_ashenzari_chains,
          uniq_amaemon
D:11:     layout_gridville, hellmonk_lair_entry_icy, serial_shops, shop,
          minmay_radiant, uniq_psyche, uniq_josephine, uniq_gastronok

Skill      XL: |  1  2  3  4  5  6  7  8  9 10 11 12 |
---------------+-------------------------------------+-----
Axes           | 3 4 5 6 8 9 10 12 14 15 | 15.5
Armour         | 4 6 8 10 | 10.0
Fighting       | 4 5 7 9 10 | 10.0
Shields        | 5 |  5.0
Invocations    | 4 7 |  7.5

Action                   |  1- 3 |  4- 6 |  7- 9 | 10-12 || total
-------------------------+-------+-------+-------+-------++-------
Melee: War axe           |    91 |   151 |   390 |   388 ||  1020
Invok: Draw Destruction  |       |       |       |     7 ||     7
       Draw Summoning    |       |       |       |     7 ||     7
Evoke: Wand              |       |       |       |     3 ||     3
  Use: Potion            |       |     1 |     6 |     6 ||    13
       Scroll            |       |       |    19 |    11 ||    30
 Stab: Petrified         |       |       |       |     4 ||     4
Armor: Scale mail        |    50 |    66 |       |       ||   116
       Chain mail        |       |    49 |   260 |    35 ||   344
       Swamp dragon scal |       |       |       |   195 ||   195
Dodge: Dodged            |    34 |    65 |   101 |   127 ||   327
Block: Buckler           |    29 |    38 |    80 |   245 ||   392
       Reflection        |       |       |       |    22 ||    22

Table legend: (Time is in decaauts)
 A = Elapsed time spent in this place.
 B = Non-inter-level travel time spent in this place.
 C = Inter-level travel time spent in this place.
 D = Time resting spent in this place.
 E = Time spent auto-exploring this place.
 F = Levels seen in this place.
 G = Mean time per level.
                   A        B        C        D        E       F      G
               +--------+--------+--------+--------+--------+-----+--------+
         Total |   6164 |   5787 |    377 |      0 |      0 |  12 |  513.7 |
       Dungeon |   5937 |   5560 |    377 |      0 |      0 |  11 |  539.7 |
       Ossuary |    227 |    227 |      0 |      0 |      0 |   1 |  227.0 |
               +--------+--------+--------+--------+--------+-----+--------+

Top non-repeatable levels by time:
    D:10: 870 daAuts
     D:8: 849 daAuts
     D:4: 677 daAuts
     D:6: 677 daAuts
     D:7: 629 daAuts
     D:2: 528 daAuts
     D:9: 420 daAuts
     D:5: 401 daAuts
     D:1: 389 daAuts
     D:3: 341 daAuts
 Ossuary: 227 daAuts
    D:11: 152 daAuts
